 Dungeon Crawl Stone Soup version 0.25.0-26-g0c896c7 (webtiles) character file.

Game seed: 9376690445859684658

60426 Balder the Bludgeoner (level 14, -20/92 HPs)
             Began as a Gargoyle Berserker on July 1, 2020.
             Was an Elder of Trog.
             Demolished by an orc warlord
             ... wielding a +0 battleaxe
              (24 damage)
             ... on level 2 of the Orcish Mines on July 5, 2020.
             The game lasted 02:01:56 (24371 turns).

Balder the Bludgeoner (Gargoyle Berserker)         Turns: 24371, Time: 02:01:57

Health: -20/92     AC: 31    Str: 20    XL:     14   Next: 99%
Magic:  14/14      EV: 10    Int:  9    God:    Trog [****..]
Gold:   1909       SH: 12    Dex: 19    Spells: 13/13 levels left

rFire    + . .     SeeInvis .   b - +0 eveningstar (flame)
rCold    . . .     Gourm    .   P - +0 kite shield
rNeg     + + .     Faith    .   L - +0 plate armour
rPois    ∞         Spirit   .   u - +0 helmet
rElec    +         Reflect  .   D - +2 ratskin cloak {+Rats rPois rN+ Str-1 Int-1 Dex+1}
rCorr    .         Harm     .   (no gloves)
MR       +++..                  V - +0 pair of boots
Stlth    ..........             n - amulet of the acrobat
HPRegen  1.25/turn              l - +6 ring of dexterity
MPRegen  0.14/turn              C - ring of protection from fire

@: flying, regenerating
A: big wings, blurry vision 1, negative energy resistance 1, electricity
resistance, unbreathing, petrification resistance, rot immunity, AC +10
a: Stop Flying, Berserk, Trog's Hand, Brothers in Arms, Renounce Religion, Evoke
Ratskin


You were on level 2 of the Orcish Mines.
You worshipped Trog.
Trog was greatly pleased with you.
You were very hungry.

You visited 3 branches of the dungeon, and saw 20 of its levels.
You also visited: Ice Cave.

You collected 1933 gold pieces.
You spent 24 gold pieces at shops.

Inventory:

Hand Weapons
 a - a +6 morningstar of venom
 b - a +0 eveningstar of flaming (weapon)
 e - a +5 morningstar of flaming
 p - a +4 flail of protection
 t - a +3 antimagic great mace
 x - a +4 flail of flaming
 A - a +1 whip of flaming
 R - a +4 eveningstar
Missiles
 q - 56 poisoned darts (quivered)
 F - 28 boomerangs
 G - 7 javelins
 J - 2 silver javelins
 T - 3 silver boomerangs
Armour
 u - a +0 helmet (worn)
 z - +0 acid dragon scales
 D - the +2 ratskin cloak (worn) {+Rats rPois rN+ Str-1 Int-1 Dex+1}
   (You found it on level 5 of the Dungeon)

   It affects your strength (-1).
   It affects your intelligence (-1).
   It affects your dexterity (+1).
   It protects you from poison.
   It protects you from negative energy.
 L - a +0 plate armour (worn)
 P - a +0 kite shield (worn)
 V - a +0 pair of boots (worn)
Jewellery
 l - a +6 ring of dexterity (left hand)
 n - an amulet of the acrobat (around neck)
 C - a ring of protection from fire (right hand)
 O - an uncursed ring of protection from cold
Wands
 r - a wand of flame (18)
 w - a wand of disintegration (8)
 E - a wand of digging (8)
 K - a wand of clouds (7)
 M - a wand of polymorph (4)
 N - a wand of paralysis (18)
Scrolls
 d - 2 scrolls of remove curse
 g - a scroll of fog
 j - 11 scrolls of identify
 k - 2 scrolls of magic mapping
 o - 3 scrolls of blinking
 v - a scroll of fear
 y - 6 scrolls of teleportation
Potions
 h - 4 potions of stabbing
 i - 4 potions of curing
 m - 2 potions of resistance
 s - 3 potions of mutation
 B - 2 potions of berserk rage
Miscellaneous
 Q - a box of beasts
Comestibles
 c - 26 rations
 f - a chunk of flesh


   Skills:
 * Level 12.1 Fighting
 * Level 16.1 Maces & Flails
 + Level 2.6 Throwing
 * Level 11.1 Armour
 * Level 7.6 Dodging
 + Level 6.9 Stealth
 * Level 9.2 Shields
 + Level 0.2 Evocations


You had 13 spell levels left.
You didn't know any spells.
Your spell library contained the following spells:

 Spells                   Type           Power        Failure   Level  Hunger
 Beastly Appendage        Tmut           #.....       100%        1    ##.....
 Infusion                 Chrm           #...         100%        1    ##.....
 Sting                    Tmut/Pois      #...         100%        1    ##.....
 Summon Butterflies       Summ           #.......     100%        1    ##.....
 Poisonous Vapours        Pois/Air       #.....       100%        2    ###....
 Searing Ray              Conj           #.....       100%        2    ###....
 Shroud of Golubria       Chrm/Tloc      #.....       100%        2    ###....
 Song of Slaying          Chrm           #.......     100%        2    ###....
 Sticks to Snakes         Tmut           #.......     100%        2    ###....
 Call Canine Familiar     Summ           #.......     100%        3    ####...
 Ignite Poison            Fire/Tmut/Pois #.......     100%        3    ####...
 Mephitic Cloud           Conj/Pois/Air  #.......     100%        3    ####...
 Ozocubu's Armour         Chrm/Ice       #.......     100%        3    ####...
 Spectral Weapon          Hex/Chrm       #.......     100%        3    ####...
 Spider Form              Tmut/Pois      #.........   100%        3    ####...
 Ice Form                 Ice/Tmut       #.......     100%        4    #####..
 Olgreb's Toxic Radiance  Pois           #.......     100%        4    #####..
 Sticky Flame             Conj/Fire      #.......     100%        4    #####..
 Summon Ice Beast         Ice/Summ       #.......     100%        4    #####..
 Blade Hands              Tmut           #.........   100%        5    ######.
 Bolt of Magma            Conj/Fire/Erth #.........   100%        5    ######.
 Summon Mana Viper        Hex/Summ       #.......     100%        5    ######.
 Starburst                Conj/Fire      #.........   100%        6    #######
 Summon Hydra             Summ           #.........   100%        7    #######


Dungeon Overview and Level Annotations

Branches:
Dungeon (12/15)            Temple (0/1) D:4            Lair (6/6) D:10
  Swamp (0/4) Lair:3       Spider (0/4) Lair:3        Slime (0/5) Lair:5
    Orc (2/2) D:10            Elf (0/3) Orc:2         IceCv (visited)

Altars:
Ashenzari
Dithmenos
Nemelex Xobeh
Qazlal
Uskayaw
Vehumet
Wu Jian
Xom
Zin
Beogh
Jiyva

Shops:
D:5 **:   D:11 :   Orc:2 *

Annotations:
Lair:5 exclusion: 4 oklob plants


Innate Abilities, Weirdness & Mutations

You are resistant to torment.
Your stone body is resilient. (AC +10)
You are immune to poison.
Your large and strong wings let you fly indefinitely.
You resist negative energy. (rN+)
You are resistant to electric shocks. (rElec)
You can survive without breathing.
You are immune to petrification.
You are immune to rotting.
Scrolls take you a little longer to read.


Message History

* * * LOW HITPOINT WARNING * * *
You block the orc warrior's attack. x2
The orc warlord hits you but does no damage.
The orc knight hits you with a +0 dire flail of protection!
* * * LOW HITPOINT WARNING * * *
Really read with blurry vision while enemies are nearby?
Your two-headed ogre hits the orc knight with a +0 giant club!
Your two-headed ogre hits the orc knight with a +0 dire flail!
Something bites the fungus.
Something claws the fungus. x2
The orc knight roars a battlecry!
You begin reading the scroll.
You continue reading the scroll.
The orc no longer looks unusually strong.
The orc warrior hits you with a +0 dire flail!
* * * LOW HITPOINT WARNING * * *
The orc warrior barely misses you. The ogre hits you but does no damage.
Your two-headed ogre hits the orc knight with a +0 giant club!
Your two-headed ogre hits the orc knight with a +0 dire flail!
The orc knight roars a battlecry!
The orc warlord hits you with a +0 battleaxe!!
You die...

###### ##.##.## ### ***
###......# ##.## ****,**
###..P.....###...## ***,*,,,*
#...P....P..#.O...# **,,,,*,,*
##............#o@o.# *,,,,,,,,,
#..P.........#.Ooo##* **,,,,,,,*
..............#.oo#.** *,,,,,,**
.P....∩...........o..# *,,,,,,,*
.P................((.#* **,,,,,**
#...8.................#**,,,,,**
##..PP.....##.##.##T...,,,,,,,,**
#.........#...##P.(((.,,,,,,,,,*
###.P..P.....##*..PP.,,,,,,,,,,,


You could see an orc warlord (strong), 2 orc knights, a troll, 3 orc warriors,
an ogre, an orc (strong) and a friendly two-headed ogre (summoned, berserk).

Vanquished Creatures
  Snorg (D:12)
  A fire dragon (Lair:6)
  Harold (Lair:2)
  4 hydras
  Erolcha (D:11)
  Fannar (Lair:2)
  4 two-headed ogres
  3 death yaks (Lair:6)
  3 orc high priests (Orc:2)
  Sonja (Lair:1)
  2 unseen horrors
  A swamp dragon (Lair:6)
  Pikel (D:4)
  3 orc knights
  2 orc sorcerers
  A manticore (D:12)
  A slime creature (D:12)
  An ugly thing (D:12)
  A cyclops (D:11)
  2 black mambas
  Joseph (D:7)
  2 ice statues (IceCv)
  8 spiny frogs
  Maggie (D:7)
  A rime drake (shapeshifter) (D:11)
  13 komodo dragons
  4 rime drakes
  An ice devil (IceCv)
  10 trolls
  3 polar bears
  A hornet (D:11)
  Grinder (D:3)
  2 bog bodies (Lair:3)
  5 jumping spiders (Lair:3)
  20 blink frogs
  7 hippogriffs
  11 dream sheep (Lair:6)
  35 yaks
  3 wyverns
  4 redbacks (Lair:3)
  3 hogs (D:7)
  A human (D:7)
  3 vampire mosquitoes (D:12)
  Grum (Lair:1)
  3 basilisks
  A steam dragon (Lair:6)
  4 hungry ghosts
  Menkaure (D:6)
  5 swamp worms
  5 acid dragons
  13 water moccasins
  11 porcupines
  2 swamp drakes (Lair:6)
  13 orc warriors
  3 sky beasts
  4 ice beasts
  2 black bears
  A phantom (D:10)
  8 wolves
  9 ogres
  5 centaurs
  8 crocodiles
  2 big kobolds (D:8)
  13 bullfrogs
  2 scorpions
  A troll zombie (D:10)
  11 wights
  12 howler monkeys
  2 electric eels
  6 crimson imps
  2 centaur zombies
  2 bullfrog zombies
  5 hounds
  A jelly (D:10)
  2 quasits
  12 orc priests
  2 bullfrog skeletons (D:4)
  17 orc wizards
  Ijyb (D:3)
  Terence (D:3)
  10 worker ants
  5 iguanas
  3 hell rats (D:5)
  5 ogre zombies (D:10)
  A hound zombie (D:8)
  A mummy (D:4)
  A worker ant zombie (D:5)
  4 river rats (D:5)
  8 adders
  6 shadow imps
  3 white imps (IceCv)
  12 ufetubi (IceCv)
  3 oozes
  An adder skeleton (D:4)
  An adder zombie (D:2)
  A worm (D:3)
  9 leopard geckos
  45 orcs
  A bat skeleton (D:2)
  9 giant cockroaches
  7 goblins
  6 hobgoblins
  9 jackals
  19 kobolds
  8 quokkas
  A ball python (D:3)
  11 bats
  4 frilled lizards
  A goblin skeleton (D:10)
  2 goblin zombies (D:10)
  A hobgoblin skeleton (D:10)
  A hobgoblin zombie (D:10)
  14 orc zombies (D:10)
  19 rats
  2 plants
602 creatures vanquished.

Vanquished Creatures (collateral kills)
  Urug (D:12)
  A troll (Orc:2)
  An orc warrior (Orc:2)
  A scorpion (D:8)
  4 wights (D:7)
  An orc wizard (D:12)
  An orc (D:12)
10 creatures vanquished.

Vanquished Creatures (others)
  A reaper (IceCv)
  3 white imps (IceCv)
  2 ufetubi (IceCv)
  An orc (D:3)
  11 fungi
  15 plants
33 creatures vanquished.

Grand Total: 645 creatures vanquished

Notes
Turn   | Place    | Note
-------+----------+-------------------------------------------
     0 | D:1      | Balder the Gargoyle Berserker began the quest for the Orb.
     0 | D:1      | Reached XP level 1. HP: 14/14 MP: 1/1
   416 | D:1      | Reached XP level 2. HP: 19/19 MP: 2/2
  1364 | D:2      | Reached XP level 3. HP: 20/24 MP: 3/3
  1442 | D:2      | Found an ornate altar of the Wu Jian Council.
  1446 | D:2      | Found a transporter.
  1465 | D:2      | Found a transporter.
  1571 | D:2      | Reached ** piety under Trog
  1636 | D:2      | Reached XP level 4. HP: 29/29 MP: 4/4
  1641 | D:2      | Reached skill level 4 in Maces & Flails
  1855 | D:2      | Found a faded altar of an unknown god.
  1980 | D:2      | Reached skill level 1 in Stealth
  2052 | D:3      | Reached XP level 5. HP: 30/33 MP: 5/5
  2084 | D:3      | Noticed Ijyb
  2107 | D:3      | Killed Ijyb
  2874 | D:3      | Reached XP level 6. HP: 38/38 MP: 6/6
  3041 | D:3      | Reached *** piety under Trog
  3056 | D:3      | Noticed Terence
  3073 | D:3      | Killed Terence
  3073 | D:3      | Reached skill level 5 in Maces & Flails
  3137 | D:3      | Found a radiant altar of Vehumet.
  3140 | D:3      | Found a shadowy altar of Dithmenos.
  3143 | D:3      | Found a hide-covered altar of Uskayaw.
  3143 | D:3      | Noticed Grinder
  3169 | D:3      | Paralysed by Grinder for 4 turns
  3190 | D:3      | Killed Grinder
  3190 | D:3      | Reached XP level 7. HP: 32/44 MP: 7/7
  3365 | D:3      | Found a stormy altar of Qazlal.
  3830 | D:4      | Reached skill level 6 in Maces & Flails
  4108 | D:4      | Found a staircase to the Ecumenical Temple.
  4162 | D:4      | Found a shimmering altar of Xom.
  4309 | D:4      | Reached skill level 7 in Maces & Flails
  4406 | D:4      | Reached XP level 8. HP: 36/48 MP: 8/8
  4730 | D:4      | Noticed Pikel
  4757 | D:4      | Killed Pikel
  4757 | D:4      | Reached skill level 5 in Fighting
  4757 | D:4      | Reached skill level 1 in Shields
  4915 | D:5      | Entered Level 5 of the Dungeon
  4923 | D:5      | Found Unura's Book Shop.
  5014 | D:5      | Reached skill level 8 in Maces & Flails
  5137 | D:5      | Found Loacelas's General Store.
  5143 | D:5      | Bought a scroll of identify for 24 gold pieces
  5379 | D:5      | Found the +2 ratskin cloak {+Rats rPois rN+ Str-1 Int-1
                  | Dex+1}
  5581 | D:5      | Found Qumatoh's General Store.
  5673 | D:5      | Reached XP level 9. HP: 51/54 MP: 9/9
  6266 | D:6      | Reached skill level 9 in Maces & Flails
  6449 | D:6      | Reached **** piety under Trog
  6538 | D:6      | Noticed Menkaure
  6557 | D:6      | Killed Menkaure
  6557 | D:6      | Reached skill level 5 in Armour
  6821 | D:6      | Reached skill level 10 in Maces & Flails
  7382 | D:7      | Found a shattered altar of Ashenzari.
  7406 | D:7      | Reached XP level 10. HP: 61/61 MP: 10/10
  7413 | D:7      | Reached skill level 5 in Stealth
  7558 | D:7      | Noticed Maggie
  7573 | D:7      | Killed Maggie
  7653 | D:7      | Noticed Joseph
  7670 | D:7      | Killed Joseph
  8125 | D:7      | Reached ***** piety under Trog
  8125 | D:7      | Reached skill level 11 in Maces & Flails
  8161 | D:7      | Found a sparkling altar of Nemelex Xobeh.
  8920 | D:8      | Found a glowing silver altar of Zin.
  9357 | D:9      | Reached XP level 11. HP: 67/67 MP: 11/11
  9585 | D:9      | Reached skill level 5 in Dodging
  9700 | D:9      | Noticed a two-headed ogre
  9708 | D:9      | Killed a two-headed ogre
  9908 | D:9      | Noticed a two-headed ogre
  9921 | D:9      | Killed a two-headed ogre
  9921 | D:9      | Reached skill level 12 in Maces & Flails
 10308 | D:10     | Entered Level 10 of the Dungeon
 10417 | D:10     | Killed an unseen horror
 10648 | D:10     | Found a staircase to the Lair.
 10791 | D:10     | Found a staircase to the Orcish Mines.
 10805 | D:10     | Received a gift from Trog
 10809 | D:10     | Paralysed by fainting for 11 turns
 11563 | Orc:1    | Entered Level 1 of the Orcish Mines
 11566 | Orc:1    | Noticed an orc sorcerer
 11567 | Orc:1    | Noticed an orc knight
 11576 | D:10     | Gained mutation: Scrolls take you a little longer to read.
                  | [a neqoxec]
 11580 | D:10     | Killed an orc sorcerer
 11580 | D:10     | Reached skill level 1 in Throwing
 11583 | D:10     | Reached skill level 5 in Shields
 11622 | Lair:1   | Entered Level 1 of the Lair of Beasts
 12151 | Lair:1   | Noticed Sonja
 12163 | Lair:1   | Killed Sonja
 12232 | Lair:1   | Reached XP level 12. HP: 75/75 MP: 4/12
 12604 | Lair:1   | Noticed Grum
 12636 | Lair:1   | Killed Grum
 12839 | Lair:2   | Reached skill level 13 in Maces & Flails
 13411 | Lair:2   | Noticed a six-headed hydra
 13420 | Lair:2   | Killed a six-headed hydra
 13482 | Lair:2   | Received a gift from Trog
 13788 | Lair:2   | Noticed Fannar
 13800 | Lair:2   | Killed Fannar
 14008 | Lair:2   | Noticed Harold
 14023 | Lair:2   | Killed Harold
 14962 | Lair:3   | Found a hole to the Spider Nest.
 14977 | Lair:3   | Reached skill level 14 in Maces & Flails
 15007 | Lair:3   | Reached XP level 13. HP: 77/81 MP: 13/13
 15058 | Lair:3   | Got a translucent arbalest
 15555 | Lair:3   | Found a staircase to the Swamp.
 15564 | Lair:3   | Reached skill level 10 in Fighting
 17423 | Lair:4   | You fall into a shaft and drop 2 floors!
 17423 | Lair:6   | Entered Level 6 of the Lair of Beasts
 17429 | Lair:6   | Identified Ysit's Compendium of Battle Magic
 17498 | Lair:6   | Received a gift from Trog
 17530 | Lair:6   | Identified the cursed +1 arbalest of the Warrior-Mage
                  | {speed, Int+2} (You found it on level 3 of the Lair of
                  | Beasts)
 17641 | Lair:6   | Reached skill level 15 in Maces & Flails
 17858 | Lair:6   | Reached skill level 10 in Armour
 18036 | Lair:6   | Noticed a fire dragon
 18063 | Lair:6   | Killed a fire dragon
 18365 | Lair:6   | Gained mutation: Your large and strong wings let you fly
                  | indefinitely. [Gargoyle growth]
 18365 | Lair:6   | Reached XP level 14. HP: 77/90 MP: 14/14
 18591 | Lair:6   | Got a scorched dagger
 19060 | Lair:5   | Identified the +11 dagger "Grim" {vorpal, Int+4} (You found
                  | it on level 6 of the Lair of Beasts)
 19099 | Lair:5   | Found a staircase to the Slime Pits.
 19192 | Lair:5   | Found a viscous altar of Jiyva.
 19803 | Lair:5   | HP: 1/90 [acid (13)]
 21232 | D:11     | Noticed Erolcha
 21240 | D:11     | Killed Erolcha
 21391 | D:11     | Found a frozen archway.
 21402 | IceCv    | Entered an ice cave
 21500 | IceCv    | Killed a reaper
 22336 | D:11     | Found Nelakk's Book Emporium.
 22437 | D:11     | Received a gift from Trog
 22999 | D:12     | Noticed Snorg
 23017 | D:12     | Killed Snorg
 23107 | D:12     | Noticed Urug
 23123 | D:12     | Killed Urug
 23259 | D:12     | HP: 2/91 [cyan ugly thing (5)]
 23892 | Orc:2    | Entered Level 2 of the Orcish Mines
 23892 | Orc:2    | Found a roughly hewn altar of Beogh.
 23934 | Orc:2    | Reached skill level 16 in Maces & Flails
 24053 | Orc:2    | Received a gift from Trog
 24325 | Orc:2    | Found Batum's General Store.
 24352 | Orc:2    | Noticed an orc warlord
 24371 | Orc:2    | HP: 4/92 [orc warrior/+0 dire flail (7)]
 24371 | Orc:2    | Demolished by an orc warlord

Illustrated notes

Levels and vault maps discovered:
D:1:      lightli_arrival_farm, layout_loops_corners
D:2:      cheibrodos_old_hovel, layout_rooms, gammafunk_temple_overflow_arena,
          serial_glass, glass_columns_a, glass_columns_c, glass_columns_a,
          glass_columns_a, glass_columns_c, item_on_display_a,
          item_on_display_b, item_on_display_a, chequers_ecumenical_altar_twisty
D:3:      layout_basic, grunt_temple_overflow_cloverleaf, gup_sewer_entry_pipe,
          uniq_terence, uniq_ijyb, uniq_grinder
D:4:      layout_loops_corners, minmay_temple_entry_proselytizer,
          gup_ossuary_entry_pyramid, grunt_ministairs_7, tgw_xom, uniq_pikel
D:5:      wander_guarded_unrand_ratskin, layout_loops_corners, serial_shops,
          shop, shop, shop, first_ration
D:6:      layout_loops_ring, uniq_menkaure
D:7:      layout_basic, basic_altar, grunt_livestock, evilmike_ruin_ashenzari,
          uniq_joseph, uniq_maggie
D:8:      layout_basic, zin_treasury, item_on_display_a
D:9:      layout_basic
D:10:     layout_long_grid, dpeg_oklobed_lair, zombieorc1_lemuel,
          kennysheep_generic_room_16
D:11:     layout_irregular_city, serial_shops, kennysheep_mini,
          portal_ice_cave_rime, uniq_erolcha
D:12:     layout_layer_cave, gauntlet_entry_generic, worms_lemuel, uniq_urug,
          uniq_snorg
Lair:1:   layout_cave_pods, uniq_sonja, uniq_grum
Lair:2:   layout_loops_ring, nicolae_quartered_pool_little, uniq_fannar,
          uniq_harold
Lair:3:   layout_regular_city, nicolae_swamp_entry_splash_gauntlet,
          nicolae_spider_entry_tight_spaces, beast_lair_carwin_10,
          grunt_megastairs_4
Lair:4:   layout_roguey, serial_bayou_pond_e, beast_lair_carwin_1,
          serial_bayou_shore_a, serial_bayou_shore_b, grunt_megastairs_5,
          lemuel_fruit_tree, infiniplex_staircase_pool_2
Lair:5:   layout_hall_layers, slime_altar_1, gammafunk_lair_bear_cave,
          minmay_lair_oklob_chamber, serial_bayou_shore_b
Lair:6:   guppyfry_lair_end_dragon, layout_regular_city, serial_bayou_shore_b
Orc:1:    layout_caves
Orc:2:    grunt_orc_gardens, layout_diamond_mine, grunt_orc_garden,
          grunt_orc_garden, grunt_orc_garden, grunt_orc_garden, basic_altar,
          sword_in_stone

Skill      XL: |  1  2  3  4  5  6  7  8  9 10 11 12 13 14 |
---------------+-------------------------------------------+-----
Dodging        | 2 3 4 5 6 7 |  7.6
Maces & Flails | 4 5 7 8 10 11 12 14 15 16 | 16.1
Stealth        | 1 2 3 4 6 |  6.9
Fighting       | 4 5 6 7 8 9 11 12 | 12.1
Armour         | 3 4 5 6 7 9 10 11 | 11.1
Shields        | 1 2 4 5 6 7 9 |  9.2
Throwing       | 1 2 |  2.6
Evocations     | |  0.2

Action                   |  1- 3 |  4- 6 |  7- 9 | 10-12 | 13-15 || total
-------------------------+-------+-------+-------+-------+-------++-------
Melee: Mace              |    94 |   102 |       |       |       ||   196
       Flail             |       |   122 |   497 |   134 |       ||   753
       Morningstar       |       |       |       |   426 |   773 ||  1199
       Great mace        |       |       |       |   210 |       ||   210
       Eveningstar       |       |       |       |       |   115 ||   115
Throw: Dart              |       |     7 |     9 |    22 |    48 ||    86
       Boomerang         |       |       |       |       |    33 ||    33
       Javelin           |       |       |       |       |     5 ||     5
Invok: Trog's Hand       |       |     2 |     7 |    10 |    14 ||    33
       Berserk           |       |     1 |     5 |     2 |     3 ||    11
       Brothers in Arms  |       |       |       |     1 |     5 ||     6
 Abil: Fly               |       |       |       |       |     1 ||     1
Evoke: Wand              |       |       |     1 |     2 |     8 ||    11
  Use: Scroll            |       |     3 |     6 |    13 |    10 ||    32
       Potion            |       |       |       |     1 |     9 ||    10
 Stab: Sleeping          |       |     2 |       |       |       ||     2
  Eat: Chunk             |     2 |     7 |    18 |    21 |    28 ||    76
       Ration            |       |       |     1 |     7 |     3 ||    11
Armor: Animal skin       |    37 |    74 |       |       |       ||   111
       Chain mail        |       |    74 |   298 |   109 |       ||   481
       Plate armour      |       |       |       |   372 |   490 ||   862
       Acid dragon scale |       |       |       |       |     6 ||     6
Dodge: Dodged            |    94 |   145 |   156 |   362 |   384 ||  1141
Block: Buckler           |       |       |    61 |    98 |    99 ||   258
       Kite shield       |       |       |       |       |   322 ||   322
